 Dungeon Sprint DCSS version 0.17-a0-129-g9432df0 (webtiles) character file.

44 Ololoev the Twirler (level 3, -4/27 HPs)
             Began as a Demonspawn Gladiator on Mar 24, 2015.
             Drowned by a water elemental (7 damage)
             ... in the Dungeon (Sprint III: "The Ten Rune Challenge").
             The game lasted 00:02:22 (455 turns).

Ololoev the Twirler (Demonspawn Gladiator)           Turns: 455, Time: 00:02:22

Health: -4/27      AC:  4    Str: 16    XL:     3   Next: 39%
Magic:  3/3        EV: 12    Int:  9    God:
Gold:   0          SH:  0    Dex: 13    Spells: 0 memorised, 2 levels left

rFire  . . .     SeeInvis .     a - +0 quarterstaff
rCold  . . .     Clarity  .     b - +0 leather armour
rNeg   . . .     SustAb   .     (no shield)
rPois  .         Gourm    .     (helmet restricted)
rElec  .         Spirit   .     (no cloak)
rCorr  .         Warding  .     (no gloves)
rMut   .         NoTele   +     (no boots)
MR     .....                    (no amulet)
Stlth  +.........               (no ring)
                                (no ring)

@: engulfed (cannot breathe), not resistant to hostile enchantments, very
unstealthy
A: antennae 1, rugged brown scales 1
a: no special abilities


You were in the Dungeon.
You were not hungry.

You visited 1 branch

Notes
Turn   | Place    | Note
--------------------------------------------------------------
     0 | D        | Ololoev, the Demonspawn Gladiator, began the quest for the Orb.
     0 | D        | Reached XP level 1. HP: 16/16 MP: 1/1
    15 | D        | Reached skill level 3 in Staves
   256 | D        | Noticed Jessica
   261 | D        | Killed Jessica
   261 | D        | Reached skill level 5 in Staves
   261 | D        | Gained mutation: You have a pair of small antennae on your head. [demonic ancestry]
   261 | D        | Reached XP level 2. HP: 22/22 MP: 2/2
   293 | D        | Reached skill level 6 in Staves
   293 | D        | Gained mutation: You are partially covered in rugged brown scales (AC +1, +3% HP). [demonic ancestry]
   293 | D        | Reached XP level 3. HP: 19/27 MP: 3/3
   316 | D        | Killed a white draconian scorcher
   450 | D        | Noticed a water elemental
   455 | D        | Drowned by a water elemental

Inventory:

Hand weapons
 a - a +0 quarterstaff (weapon)
Missiles
 d - 3 throwing nets (quivered)
Armour
 b - a +0 leather armour (worn)
Scrolls
 k - a scroll of blinking
Potions
 e - a potion of curing
 h - a potion of haste
 i - 2 potions of magic
Comestibles
 f - a bread ration

Table legend:
 A = Turns spent in this place as a percentage of turns spent in the entire game.
 B = Non-inter-level travel turns spent in this place as a percentage of non-inter-level travel turns spent in the entire game.
 C = Inter-level travel turns spent in this place as a percentage of turns spent in this place.
 D = Turns resting spent in this place as a percentage of non-inter-level travel turns spent in this place.
 E = Turns spent auto-exploring this place as a percentage of non-inter-level travel turns spent in this place.
 F = Non-inter-level travel turns spent in this place divided by the number of levels of this place that you've seen.
                   A       B       C       D       E      F
               +-------+-------+-------+-------+-------+----------------------
         Total | 100.0 | 100.0 |   0.0 |  14.8 |   3.7 |  81.0
       Dungeon | 100.0 | 100.0 |   0.0 |  14.8 |   3.7 |  81.0
               +-------+-------+-------+-------+-------+----------------------


   Skills:
 - Level 2.0 Fighting
 + Level 6.8 Staves
 - Level 1.7 Throwing
 - Level 2.6 Dodging


You had 2 spell levels left.
You didn't know any spells.

Dungeon Overview and Level Annotations

Branches:
Dungeon (1/1)

Altars:


Innate Abilities, Weirdness & Mutations

You have a pair of small antennae on your head.
You are partially covered in rugged brown scales (AC +1, +3% HP).


Message History

Increase (S)trength, (I)ntelligence, or (D)exterity?
You feel stronger.
Your demonic ancestry asserts itself...
Rugged brown scales grow over part of your body.
You closely miss the phantom.
The phantom is lightly damaged.
You miss the phantom.
The phantom is lightly damaged.
The phantom hits you.
The phantom blinks!
You hit the phantom!
You destroy the phantom!
You start resting.
You feel a strong urge to attack something.
You start resting.
You feel your anger subside.
You are no longer berserk.
You are exhausted.
You feel yourself slow down.
You start resting.
You feel yourself speed up.
You start resting.
You feel less exhausted.
You start resting.
You open the door.
A water elemental comes into view.
There is an open door to the Ecumenical Temple here.
You hit the water elemental.
The water elemental is lightly damaged.
The water elemental hits you!
The water elemental engulfs you in water!
You closely miss the water elemental.
The water elemental is lightly damaged.
Your lungs strain for air!
The water elemental hits you.
You hit the water elemental!
The water elemental is moderately damaged.
Your lungs strain for air!
The water elemental closely misses you.
You hit the water elemental!
The water elemental is severely damaged.
You die...

▓▓▓▓▓▓▓ ▓▓▓ ..#)..####
##.# ..#...[).## #..#
.##.......# #..#
#.##.##...# #..###+#+##
#.##.###..# +#..#........
.####.##..# #...@E⌠......
###..##..####...#...#####
.....##..###....#.⌠.#
##..##...##.....#...#
#..##....#......#+###
..###..##.#.....# (.
#..#####....# ▓▓ ▓▓▓▓
▓▓▓▓▓▓


You could see a water elemental.

Table legend:
 A = Kills in this place as a percentage of kills in entire the game.
 B = Kills by you in this place as a percentage of kills by you in the entire game.
 C = Kills by friends in this place as a percentage of kills by friends in the entire game.
 D = Other kills in this place as a percentage of other kills in the entire game.
 E = Experience gained in this place as a percentage of experience gained in the entire game.
 F = Experience gained in this place divided by the number of levels of this place that you have seen.
                   A       B       C       D       E      F
               +-------+-------+-------+-------+-------+----------------------
         Total | 100.0 | 100.0 |  -nan |  -nan | 100.0 |  63.0
       Dungeon | 100.0 | 100.0 |  -nan |  -nan | 100.0 |  63.0
               +-------+-------+-------+-------+-------+----------------------

Vanquished Creatures
  A human (D)
  Jessica (D)
  A phantom (D)
  2 oozes (D)
5 creatures vanquished.

Vanquished Creatures (others)
  A draconian scorcher (D)
  2 plants (D)
3 creatures vanquished.

Grand Total: 8 creatures vanquished

Action                   || total
-------------------------++-------
Melee: Quarterstaff      ||    42
  Use: Potion            ||     2

Vault maps used:
D:        dungeon_sprint_mu
